 Dungeon Crawl Stone Soup version 0.29-a0-23-ga79f92ac9c (webtiles) character file.

Game seed: 16365232870679915214

1362 polve the Skirmisher (level 8, -3/62 (67) HPs)
             Began as a Demonspawn Abyssal Knight on Jan 30, 2022.
             Was a Priest of Lugonu.
             Succumbed to barbed spike wounds
             ... on level 6 of the Dungeon.
             The game lasted 00:11:57 (6989 turns).

polve the Skirmisher (Demonspawn Abyssal Knight)    Turns: 6989, Time: 00:11:58

HP:   -3/62 (67)    AC:  9    Str: 16    XL:     8   Next: 37%
MP:   2/12          EV: 11    Int: 12    God:    Lugonu [***...]
Gold: 351           SH:  0    Dex: 13    Spells: 7/7 levels left

rFire   . . .      SeeInvis .   a - +2 short sword
rCold   . . .      Faith    .   (no shield)
rNeg    . . .      Spirit   .   s - +1 scale mail
rPois   .          Reflect  .   (no helmet)
rElec   .          Harm     .   (no cloak)
rCorr   .          Rampage  .   (no gloves)
Will    .....                   c - +0 pair of boots
Stlth   ..........              l - amulet of regeneration
HPRegen 1.00/turn               (no ring)
MPRegen 0.13/turn               (no ring)

@: brilliant, spiked, drained
A: demonic guardian 1, sturdy frame 1, weakness stinger 2
a: Renounce Religion, Depart the Abyss, Bend Space, Banish


You were on level 6 of the Dungeon.
You worshipped Lugonu.
Lugonu was most pleased with you.
You visited 1 branch of the dungeon, and saw 6 of its levels.
You visited the Abyss 1 time.

You collected 351 gold pieces.

Inventory:

Hand Weapons
 a - a +2 short sword (weapon)
Armour
 c - a +0 pair of boots (worn)
 s - a +1 scale mail (worn)
Jewellery
 j - a ring of fire
 l - an amulet of regeneration (around neck)
 m - an amulet of the acrobat
Scrolls
 d - a scroll of fog
 i - 2 scrolls of amnesia
 k - a scroll of brand weapon


   Skills:
 + Level 7.0 Fighting
 - Level 4.0 Short Blades
 - Level 4.0 Armour
 - Level 4.0 Dodging
 * Level 5.4 Invocations


You had 7 spell levels left.
You didn't know any spells.
Your spell library contained the following spells:

 Spells                   Type           Power      Damage    Failure   Level
 Pain                     Necr           0%         1d4       58%         1
 Corpse Rot               Necr/Air       0%         N/A       73%         2
 Poisonous Vapours        Pois/Air       0%         N/A       73%         2
 Agony                    Necr           0%         N/A       100%        5
 Excruciating Wounds      Necr           0%         N/A       100%        5


Dungeon Overview and Level Annotations

Branches:
Dungeon (6/15)
 Temple: D:4-7

Altars:
Lugonu

Shops:
D:1 [

Portals:
Abyss: D:1


Innate Abilities, Weirdness & Mutations

A weak demonic guardian rushes to your aid.
Your movements are slightly less encumbered by armour. (ER -2)
You have a tail ending in a sharp stinger.


Message History

The barbed spikes become lodged in your body.
The barbs in your skin will harm you if you move.
Continue?
Uppercase [Y]es or [N]o only, please.
The barbs in your skin will harm you if you move.
Continue?
The barbed spikes dig painfully into your body as you move.
The barbed spikes dig painfully into your body as you move.
The manticore flicks its tail.
The volley of spikes hits you.
The barbed spikes become lodged in your body.
The barbed spikes dig painfully into your body as you move.
The barbed spikes dig painfully into your body as you move.
The barbed spikes dig painfully into your body as you move.
The manticore flicks its tail.
The volley of spikes hits you!
The barbed spikes become lodged in your body.
* * * LOW HITPOINT WARNING * * *
A demonic guardian appears!
The barbed spikes dig painfully into your body as you move.
* * * LOW HITPOINT WARNING * * *
Something bites your shadow imp. Something claws your shadow imp.
Something barely misses your shadow imp.
The barbed spikes dig painfully into your body as you move.
* * * LOW HITPOINT WARNING * * *
The barbed spikes dig painfully into your body as you move.
* * * LOW HITPOINT WARNING * * *
Your shadow imp hits the manticore but does no damage.
A necrophage comes into view.
The barbed spikes dig painfully into your body as you move.
* * * LOW HITPOINT WARNING * * *
Something bites your shadow imp!!
Your shadow imp dies!
Your shadow imp disappears in a puff of smoke!
You feel better.
The barbed spikes dig painfully into your body as you move.
* * * LOW HITPOINT WARNING * * *
The necrophage closely misses you.
The barbed spikes dig painfully into your body as you move.
* * * LOW HITPOINT WARNING * * *
The barbed spikes dig painfully into your body as you move.
You die...

... #... # #... .#
#... .# ..##.
#...##.###
#.#....... # ##.@#
# ##.##n.## .## ##
#.....## #.##..####
# ##.##.#
#§.§......♣. # #.##
##.##§.# ##.# ##.##
##.#§§§# #.#.#
#..###H##§H###. #.#
#..H§§§§§§§§..###.#
#########§#...##...


You could see a necrophage.

Vanquished Creatures
  2 water moccasins (D:6)
  2 ice beasts
  2 phantoms
  A water moccasin skeleton (D:5)
  2 wights (D:5)
  A jelly (D:4)
  A centaur zombie (D:6)
  A hound (D:4)
  A bullfrog zombie (D:5)
  A bullfrog skeleton (D:5)
  5 iguanas
  An orc wizard (D:4)
  3 adders (D:3)
  4 gnolls
  A shadow imp (D:6)
  A white imp (D:6)
  An ufetubus (D:5)
  A worm (D:2)
  A dart slug (D:1)
  15 orcs
  9 ball pythons
  7 endoplasms
  6 giant cockroaches
  11 hobgoblins
  3 jackals (D:1)
  2 quokkas
  4 bats
  7 frilled lizards
  7 goblins (D:4)
  8 kobolds
  6 rats
117 creatures vanquished.

Vanquished Creatures (collateral kills)
  Blork the orc (D:3)
  A jelly (D:5)
  A gnoll (D:3)
3 creatures vanquished.

Vanquished Creatures (others)
  An ice beast (D:6)
1 creature vanquished.

Grand Total: 121 creatures vanquished

Notes
Turn   | Place    | Note
-------+----------+-------------------------------------------
     0 | Abyss:1  | polve the Demonspawn Abyssal Knight began the quest for the
                  | Orb.
     0 | Abyss:1  | Reached XP level 1. HP: 18/18 MP: 2/2
    77 | Abyss:2  | Noticed a chaos spawn
    79 | D:1      | Escaped the Abyss
   506 | D:1      | Gained mutation: You have a small tail. [demonic ancestry]
   506 | D:1      | Reached XP level 2. HP: 23/24 MP: 3/3
   564 | D:1      | Reached * piety under Lugonu
   679 | D:1      | Found Paneg's Armour Shoppe.
   865 | D:1      | Gained mutation: Your movements are slightly less
                  | encumbered by armour. (ER -2) [demonic ancestry]
   865 | D:1      | Reached XP level 3. HP: 23/29 MP: 4/4
  1245 | D:1      | Found a faded altar of an unknown god.
  1326 | D:1      | Found a corrupted altar of Lugonu.
  1326 | D:1      | Found a one-way gate to the infinite horrors of the Abyss.
  1326 | D:1      | Noticed a demonic crawler
  1326 | D:1      | Noticed a demonic crawler
  2259 | D:2      | You fall into a shaft and drop 1 floor!
  2312 | D:3      | Gained mutation: A weak demonic guardian rushes to your
                  | aid. [demonic ancestry]
  2312 | D:3      | Reached XP level 4. HP: 35/35 MP: 5/5
  2329 | D:3      | Reached skill level 1 in Dodging
  2347 | D:3      | Reached ** piety under Lugonu
  2876 | D:3      | Reached XP level 5. HP: 41/41 MP: 6/6
  3389 | D:4      | Noticed Blork the orc
  3402 | D:3      | Killed Blork the orc
  3403 | D:3      | Reached skill level 4 in Fighting
  3795 | D:4      | Reached XP level 6. HP: 16/49 MP: 7/7
  4691 | D:4      | Reached skill level 5 in Fighting
  4806 | D:4      | Reached *** piety under Lugonu
  5018 | D:5      | Entered Level 5 of the Dungeon
  5286 | D:5      | Reached XP level 7. HP: 20/56 MP: 8/8
  5798 | D:6      | Reached skill level 6 in Fighting
  6191 | D:6      | Gained mutation: You have a tail ending in a sharp stinger.
                  | [demonic ancestry]
  6191 | D:6      | Reached XP level 8. HP: 65/65 MP: 8/10
  6582 | D:6      | Noticed a troll
  6792 | D:5      | Reached skill level 5 in Invocations
  6892 | D:5      | Reached skill level 7 in Fighting
  6959 | D:6      | Noticed a manticore
  6985 | D:6      | HP: 3/62 [barbs]
  6989 | D:6      | Succumbed to barbed spike wounds

Illustrated notes

Levels and vault maps discovered:
D:1:      erik_arrival_cave_to_civilisation [erik_arrival_cave_to_temple],
          layout_basic, serial_shops, nicolae_shop_window_shopping,
          hellmonk_ecumenical_altar_leap_of_faith, minmay_pentomino_z2
D:2:      layout_loops_corners, nicolae_figureground_pulse
D:3:      layout_loops_cross
D:4:      cheibrodos_greedy_goblins, layout_layer_cave, uniq_blork_the_orc
D:5:      layout_basic
D:6:      layout_loops_ring, kb_rosetta

Skill      XL: |  1  2  3  4  5  6  7  8 |
---------------+-------------------------+-----
Short Blades   | 2 3 4 |  4.0
Dodging        | 1 2 3 4 |  4.0
Armour         | 2 3 4 |  4.0
Fighting       | 4 5 6 7 |  7.0
Invocations    | 5 |  5.4

Action                   |  1- 3 |  4- 6 |  7- 9 || total
-------------------------+-------+-------+-------++-------
Melee: Short sword       |   133 |   296 |   182 ||   611
       Tailslap          |    17 |    40 |    35 ||    92
       Punch             |       |     3 |       ||     3
Invok: Depart the Abyss  |     1 |       |       ||     1
       Bend Space        |       |     4 |     5 ||     9
       Banish            |       |       |     3 ||     3
  Use: Potion            |       |     4 |     7 ||    11
       Scroll            |       |     3 |     5 ||     8
 Stab: Invisible         |       |       |     4 ||     4
Armor: Leather armour    |    46 |    45 |       ||    91
       Ring mail         |       |    16 |    12 ||    28
       Scale mail        |       |       |    41 ||    41
Dodge: Dodged            |    63 |   151 |    86 ||   300

Table legend: (Time is in decaauts)
 A = Elapsed time spent in this place.
 B = Non-inter-level travel time spent in this place.
 C = Inter-level travel time spent in this place.
 D = Time resting spent in this place.
 E = Time spent auto-exploring this place.
 F = Levels seen in this place.
 G = Mean time per level.
                   A        B        C        D        E       F      G
               +--------+--------+--------+--------+--------+-----+--------+
         Total |   6925 |   6335 |    590 |     61 |   5017 |   8 |  865.6 |
       Dungeon |   6846 |   6256 |    590 |     61 |   4952 |   6 | 1141.0 |
         Abyss |     78 |     78 |      0 |      0 |     65 |   2 |   39.0 |
               +--------+--------+--------+--------+--------+-----+--------+

Top non-repeatable levels by time:
     D:4: 1632 daAuts
     D:1: 1419 daAuts
     D:2: 1111 daAuts
     D:5: 1034 daAuts
     D:3: 876 daAuts
     D:6: 773 daAuts
 Abyss:1: 54 daAuts
 Abyss:2: 24 daAuts
